PBL
CHESTER PIRATES @ DETROIT RED WINGS
09/18/2048
 
TOP OF THE 1ST
Chester Pirates batting - Pitching for Detroit Red Wings : LHP Estêvão Cavadas
Pitching: LHP Estêvão Cavadas
Batting: RHB Mike Weeks 0-0: Ball
1-0: Called Strike
1-1: Ball
2-1: SINGLE (Line Drive, 5D, EV 108.8 MPH)
Batting: RHB Edwardo Tanchez 0-0: Swinging Strike
0-1: Foul Ball, location: 2F
0-2: Ground out 4-3 (Groundball, 34, EV 90.0 MPH)
Mike Weeks to second
Batting: RHB Zach Chmieleski 0-0: Ball
1-0: Foul Ball, location: 2F
1-1: Ball
2-1: Ball
3-1: Called Strike
3-2: Foul Ball, location: 2F
3-2: Foul Ball, location: 2F
3-2: Foul Ball, location: 2F
3-2: Fly out, F9 (Flyball, 89S, EV 90.6 MPH)
Batting: RHB Oscar Mora 0-0: Ball
1-0: Called Strike
1-1: Foul Ball, location: 2F
1-2: Foul Ball, location: 2F
1-2: Ball
2-2: Ball
3-2: Strikes out looking
Top of the 1st over - 0 runs, 1 hit, 0 errors, 1 left on base; Chester 0 - Detroit 0
BOTTOM OF THE 1ST
Detroit Red Wings batting - Pitching for Chester Pirates : LHP Tommy Tallent
Pitching: LHP Tommy Tallent
Batting: RHB António Scarlett 0-0: Foul Ball, location: 2F
0-1: Foul Ball, location: 2F
0-2: DOUBLE (Line Drive, 8LD, EV 103.8 MPH)
Batting: LHB Iestyn Peacock 0-0: Foul Ball, location: 2F
0-1: Ball
1-1: Swinging Strike
Passed Ball!
António Scarlett to third
1-2: Strikes out swinging, 2-3 out at first.
Batting: RHB Alex Duarte 0-0: Ball
1-0: Fly out, F7 (Flyball, 78M, EV 89.4 MPH)
Runner from 3rd tags up, SCORES, throw by LF
Batting: LHB Ryan Adams 0-0: Ball
1-0: Ground out 1-3 (Groundball, 13S, EV 65.0 MPH)
Bottom of the 1st over - 1 run, 1 hit, 0 errors, 0 left on base; Chester 0 - Detroit 1
TOP OF THE 2ND
Chester Pirates batting - Pitching for Detroit Red Wings : LHP Estêvão Cavadas
Batting: RHB Ryan Thurston 0-0: Called Strike
0-1: Called Strike
0-2: Ball
1-2: Strikes out swinging
Batting: RHB Jason Rhodes 0-0: Fly out, F7 (Flyball, 7, EV 90.0 MPH)
Batting: LHB Tommie Benefield 0-0: Foul Ball, location: 2F
0-1: Ball
1-1: Ball
2-1: Ball
3-1: Foul Ball, location: 2F
3-2: Foul Ball, location: 2F
3-2: Fly out, F7 (Flyball, 78M, EV 83.1 MPH)
Top of the 2nd over - 0 runs, 0 hits, 0 errors, 0 left on base; Chester 0 - Detroit 1
BOTTOM OF THE 2ND
Detroit Red Wings batting - Pitching for Chester Pirates : LHP Tommy Tallent
Batting: RHB Harry Tugnut 0-0: Ball
1-0: Called Strike
1-1: Called Strike
1-2: Ball
2-2: Ball
3-2: SOLO HOME RUN (Line Drive, 78XD, EV 108.1 MPH), Distance : 435 ft
Batting: RHB Dustin Bursell 0-0: Called Strike
0-1: Ground out 4-3 (Groundball, 34, EV 100.0 MPH)
Batting: RHB Felipe Torres 0-0: Ball
1-0: Foul Ball, location: 2F
1-1: Foul Ball, location: 2F
1-2: Ball
2-2: Ball
3-2: Base on Balls
Batting: RHB Cody Kafer 0-0: Called Strike
0-1: Ball
1-1: Fly out, F9 (Flyball, 9, EV 82.5 MPH)
Batting: SHB Roderick Speed 0-0: Called Strike
0-1: Foul Ball, location: 2F
0-2: Strikes out looking
Bottom of the 2nd over - 1 run, 1 hit, 0 errors, 1 left on base; Chester 0 - Detroit 2
TOP OF THE 3RD
Chester Pirates batting - Pitching for Detroit Red Wings : LHP Estêvão Cavadas
Batting: RHB Joe Stepnowski 0-0: Swinging Strike
0-1: Called Strike
0-2: Ball
1-2: Ball
2-2: Foul Ball, location: 2F
2-2: Strikes out swinging
Batting: RHB Zachery Loomis 0-0: Foul Ball, location: 2F
0-1: Called Strike
0-2: Ball
1-2: Strikes out swinging
Batting: RHB Mike Weeks 0-0: Foul Ball, location: 2F
0-1: Called Strike
0-2: Ball
1-2: Ball
2-2: Ball
3-2: Ground out 6-3 (Groundball, 6, EV 101.9 MPH)
Top of the 3rd over - 0 runs, 0 hits, 0 errors, 0 left on base; Chester 0 - Detroit 2
BOTTOM OF THE 3RD
Detroit Red Wings batting - Pitching for Chester Pirates : LHP Tommy Tallent
Batting: RHB António Scarlett 0-0: Foul Ball, location: 2F
0-1: Foul Ball, location: 2F
0-2: Ball
1-2: Ball
2-2: Foul Ball, location: 2F
2-2: Ball
3-2: SINGLE (Groundball, 6MD, EV 105.0 MPH)
Batting: LHB Iestyn Peacock 0-0: Foul Ball, location: 2F
0-1: Foul Ball, location: 2F
0-2: Fly out, F2 (Popup, 25F, EV 89.4 MPH)
Batting: RHB Alex Duarte 0-0: Fly out, F8 (Flyball, 89XD, EV 93.1 MPH)
Batting: LHB Ryan Adams 0-0: Ball
1-0: Swinging Strike
1-1: Foul Ball, location: 2F
1-2: Ball
2-2: Foul Ball, location: 2F
2-2: Ball
3-2: Strikes out swinging
Bottom of the 3rd over - 0 runs, 1 hit, 0 errors, 1 left on base; Chester 0 - Detroit 2
TOP OF THE 4TH
Chester Pirates batting - Pitching for Detroit Red Wings : LHP Estêvão Cavadas
Batting: RHB Edwardo Tanchez 0-0: Foul Ball, location: 2F
0-1: Swinging Strike
0-2: Ball
1-2: Ball
2-2: SINGLE (Line Drive, 34, EV 95.6 MPH)
Batting: RHB Zach Chmieleski 0-0: Called Strike
0-1: Foul Ball, location: 2F
0-2: Foul Ball, location: 2F
0-2: 2-RUN HOME RUN (Flyball, 7D, EV 96.9 MPH), Distance : 398 ft
Batting: RHB Oscar Mora 0-0: Ball
1-0: Ball
2-0: Fly out, F9 (Flyball, 9S, EV 94.4 MPH)
Batting: RHB Ryan Thurston 0-0: Ball
1-0: Ball
2-0: Called Strike
2-1: Foul Ball, location: 2F
2-2: DOUBLE (Line Drive, 78M, EV 105.6 MPH)
Batting: RHB Jason Rhodes 0-0: Ball
1-0: Ground out 1-3 (Groundball, 34S, EV 61.2 MPH)
Ryan Thurston to third
Batting: LHB Tommie Benefield 0-0: Foul Ball, location: 2F
0-1: Ball
1-1: Ball
2-1: Ball
3-1: Swinging Strike
3-2: Strikes out swinging
Top of the 4th over - 2 runs, 3 hits, 0 errors, 1 left on base; Chester 2 - Detroit 2
BOTTOM OF THE 4TH
Detroit Red Wings batting - Pitching for Chester Pirates : LHP Tommy Tallent
Batting: RHB Harry Tugnut 0-0: Called Strike
0-1: Ball
1-1: Fly out, F3 (Popup, 34, EV 57.5 MPH)
Batting: RHB Dustin Bursell 0-0: SINGLE (Line Drive, 78M, EV 109.4 MPH)
Batting: RHB Felipe Torres 0-0: Ball
1-0: Ball
2-0: Foul Ball, location: 2F
2-1: Ball
3-1: Foul Ball, location: 2F
3-2: Foul Ball, location: 2F
3-2: Base on Balls
Dustin Bursell to second
Batting: RHB Cody Kafer 0-0: Fly out, F8 (Line Drive, 8RD, EV 95.6 MPH)
Batting: SHB Roderick Speed 0-0: Called Strike
0-1: Ball
1-1: Swinging Strike
1-2: Ball
2-2: Ball
3-2: Ground out 4-3 (Groundball, 34, EV 108.1 MPH)
Bottom of the 4th over - 0 runs, 1 hit, 0 errors, 2 left on base; Chester 2 - Detroit 2
TOP OF THE 5TH
Chester Pirates batting - Pitching for Detroit Red Wings : LHP Estêvão Cavadas
Batting: RHB Joe Stepnowski 0-0: Called Strike
0-1: Ball
1-1: Swinging Strike
1-2: Ball
2-2: Foul Ball, location: 2F
2-2: Foul Ball, location: 2F
2-2: Fly out, F4 (Popup, 6M, EV 59.4 MPH)
Batting: RHB Zachery Loomis 0-0: Ball
1-0: Ball
2-0: Swinging Strike
2-1: Fly out, F7 (Flyball, 7, EV 86.2 MPH)
Batting: RHB Mike Weeks 0-0: Ball
1-0: Ball
2-0: Called Strike
2-1: Ball
3-1: Swinging Strike
3-2: Strikes out swinging
Top of the 5th over - 0 runs, 0 hits, 0 errors, 0 left on base; Chester 2 - Detroit 2
BOTTOM OF THE 5TH
Detroit Red Wings batting - Pitching for Chester Pirates : LHP Tommy Tallent
Batting: RHB António Scarlett 0-0: Ball
1-0: Ground out 5-3 (Groundball, 6MS, EV 87.5 MPH)
Batting: LHB Iestyn Peacock 0-0: Foul Ball, location: 2F
0-1: Ball
1-1: Foul Ball, location: 2F
1-2: Ball
2-2: Strikes out swinging
Batting: RHB Alex Duarte 0-0: Ball
1-0: Ball
2-0: Called Strike
2-1: SINGLE (Line Drive, 8LS, EV 102.5 MPH)
Pitching: RHP Justin Rousell
Batting: LHB Ryan Adams 0-0: Ball
1-0: Ball
2-0: Foul Ball, location: 2F
2-1: Ball
3-1: Base on Balls
Alex Duarte to second
Batting: RHB Harry Tugnut 0-0: Called Strike
0-1: Ball
1-1: Ball
2-1: Ball
3-1: Fly out, F4 (Line Drive, 4, EV 73.8 MPH)
Bottom of the 5th over - 0 runs, 1 hit, 0 errors, 2 left on base; Chester 2 - Detroit 2
TOP OF THE 6TH
Chester Pirates batting - Pitching for Detroit Red Wings : LHP Estêvão Cavadas
Batting: RHB Edwardo Tanchez 0-0: Ball
1-0: Foul Ball, location: 2F
1-1: Swinging Strike
1-2: Strikes out swinging, 2-3 out at first.
Batting: RHB Zach Chmieleski 0-0: Foul Ball, location: 2F
0-1: Ball
1-1: Called Strike
1-2: SOLO HOME RUN (Flyball, 78XD, EV 115.6 MPH), Distance : 434 ft
Pitching: RHP Cam Hurley
Batting: RHB Oscar Mora 0-0: Swinging Strike
0-1: Ball
1-1: Foul Ball, location: 2F
1-2: Strikes out swinging
Batting: RHB Ryan Thurston 0-0: Foul Ball, location: 2F
0-1: Called Strike
0-2: Ball
1-2: Ground out 6-3 (Groundball, 6, EV 79.4 MPH)
Top of the 6th over - 1 run, 1 hit, 0 errors, 0 left on base; Chester 3 - Detroit 2
BOTTOM OF THE 6TH
Detroit Red Wings batting - Pitching for Chester Pirates : RHP Justin Rousell
Batting: RHB Dustin Bursell 0-0: Ball
1-0: Ball
2-0: DOUBLE (Flyball, 89D, EV 99.4 MPH)
Batting: RHB Felipe Torres 0-0: Foul Ball, location: 2F
0-1: Foul Ball, location: 2F
0-2: Strikes out swinging passed ball, reaches first!
Dustin Bursell to third
Pinch Hitting: LHB Duda Pinho 0-0: Ball
1-0: Ball
2-0: Called Strike
2-1: Swinging Strike
2-2: Strikes out swinging
Pinch Hitting: RHB Peter Jones 0-0: Ball
1-0: Ball
2-0: Ball
3-0: Base on Balls
Felipe Torres to second
Batting: RHB António Scarlett 0-0: Swinging Strike
0-1: Called Strike
0-2: Ball
1-2: Foul Ball, location: 2F
1-2: Foul Ball, location: 2F
1-2: Strikes out swinging
Batting: LHB Iestyn Peacock 0-0: Called Strike
0-1: Ball
1-1: Ball
2-1: Called Strike
2-2: Strikes out swinging
Bottom of the 6th over - 0 runs, 1 hit, 0 errors, 3 left on base; Chester 3 - Detroit 2
TOP OF THE 7TH
Chester Pirates batting - Pitching for Detroit Red Wings : RHP Cam Hurley
Now at 3B: Peter Jones
Now in LF: Duda Pinho
Batting: RHB Jason Rhodes 0-0: Ball
1-0: Foul Ball, location: 2F
1-1: Called Strike
1-2: Foul Ball, location: 2F
1-2: Strikes out looking
Batting: LHB Tommie Benefield 0-0: Ball
1-0: Foul Ball, location: 2F
1-1: Foul Ball, location: 2F
1-2: Strikes out swinging
Batting: RHB Joe Stepnowski 0-0: Fly out, F9 (Flyball, 89M, EV 78.8 MPH)
Top of the 7th over - 0 runs, 0 hits, 0 errors, 0 left on base; Chester 3 - Detroit 2
BOTTOM OF THE 7TH
Detroit Red Wings batting - Pitching for Chester Pirates : RHP Justin Rousell
Pitching: LHP Ighlas Kumbuka
Batting: RHB Alex Duarte 0-0: Ball
1-0: Ball
2-0: Ball
3-0: Called Strike
3-1: Fly out, F9 (Flyball, 89S, EV 96.2 MPH)
Batting: LHB Ryan Adams 0-0: Ball
1-0: Ball
2-0: Foul Ball, location: 2F
2-1: Called Strike
2-2: Foul Ball, location: 2F
2-2: Ball
3-2: Base on Balls
Batting: RHB Harry Tugnut 0-0: Foul Ball, location: 2F
0-1: Called Strike
0-2: Ball
1-2: Strikes out swinging
Batting: RHB Dustin Bursell 0-0: Foul Ball, location: 2F
0-1: SINGLE (Groundball, 56S, EV 71.2 MPH) (infield hit)
Ryan Adams to second
Batting: RHB Felipe Torres 0-0: Called Strike
0-1: Fly out, F7 (Line Drive, 7, EV 106.2 MPH)
Bottom of the 7th over - 0 runs, 1 hit, 0 errors, 2 left on base; Chester 3 - Detroit 2
TOP OF THE 8TH
Chester Pirates batting - Pitching for Detroit Red Wings : RHP Cam Hurley
Batting: RHB Zachery Loomis 0-0: Foul Ball, location: 2F
0-1: Ball
1-1: Foul Ball, location: 2F
1-2: Ground out 6-3 (Groundball, 56, EV 110.0 MPH)
Batting: RHB Mike Weeks 0-0: Foul Ball, location: 2F
0-1: Ball
1-1: Foul Ball, location: 2F
1-2: Strikes out looking
Batting: RHB Edwardo Tanchez 0-0: Ball
1-0: Ball
2-0: Called Strike
2-1: DOUBLE (Flyball, 8RXD, EV 93.1 MPH)
Batting: RHB Zach Chmieleski 0-0: Intentional Walk
Batting: SHB Mike Corley 0-0: Foul Ball, location: 2F
0-1: Ball
1-1: Foul Ball, location: 2F
1-2: Strikes out swinging
Top of the 8th over - 0 runs, 1 hit, 0 errors, 2 left on base; Chester 3 - Detroit 2
BOTTOM OF THE 8TH
Detroit Red Wings batting - Pitching for Chester Pirates : LHP Ighlas Kumbuka
Pinch Hitting: RHB John Barton 0-0: Called Strike
0-1: Called Strike
0-2: Ground out 6-3 (Groundball, 6, EV 90.6 MPH)
Batting: RHB Peter Jones 0-0: Fly out, F3 (Line Drive, 3L, EV 63.8 MPH)
Pitching: RHP Sung-jae Choo
Batting: RHB António Scarlett 0-0: Ball
1-0: Ground out 6-3 (Groundball, 6, EV 84.4 MPH)
Bottom of the 8th over - 0 runs, 0 hits, 0 errors, 0 left on base; Chester 3 - Detroit 2
TOP OF THE 9TH
Chester Pirates batting - Pitching for Detroit Red Wings : RHP Cam Hurley
Now in LF: John Barton
Batting: RHB Ryan Thurston 0-0: Called Strike
0-1: Swinging Strike
0-2: Ball
1-2: Ground out 5-3 (Groundball, 56, EV 87.5 MPH)
Batting: RHB Jason Rhodes 0-0: Foul Ball, location: 2F
0-1: Swinging Strike
0-2: Ball
1-2: Ball
2-2: Foul Ball, location: 2F
2-2: Strikes out swinging
Batting: LHB Tommie Benefield 0-0: Ball
1-0: Ball
2-0: Called Strike
2-1: Foul Ball, location: 2F
2-2: Ball
3-2: Base on Balls
Pitching: RHP Efrain Diaz
Batting: RHB Joe Stepnowski 0-0: Foul Ball, location: 2F
0-1: SINGLE (Line Drive, 8RS, EV 87.5 MPH)
Tommie Benefield to second
Batting: RHB Zachery Loomis 0-0: Foul Ball, location: 2F
0-1: Fly out, F7 (Flyball, 7, EV 84.4 MPH)
Top of the 9th over - 0 runs, 1 hit, 0 errors, 2 left on base; Chester 3 - Detroit 2
BOTTOM OF THE 9TH
Detroit Red Wings batting - Pitching for Chester Pirates : RHP Sung-jae Choo
Pitching: RHP Tomas Cavazos
Batting: LHB Iestyn Peacock 0-0: Called Strike
0-1: Ball
1-1: Ball
2-1: Called Strike
2-2: Strikes out swinging
Pinch Hitting: SHB Isaiah Bias 0-0: Fly out, F8 (Flyball, 8RD, EV 100.6 MPH)
Batting: LHB Ryan Adams 0-0: Called Strike
0-1: Ball
1-1: SINGLE (Groundball, 25, EV 60.6 MPH) (infield hit)
Batting: RHB Harry Tugnut 0-0: Ball
1-0: Ball
2-0: Called Strike
2-1: Foul Ball, location: 2F
2-2: Foul Ball, location: 2F
2-2: Ground out 2-3 (Groundball, 2L, EV 65.0 MPH)
Bottom of the 9th over - 0 runs, 1 hit, 0 errors, 1 left on base; Chester 3 - Detroit 2
Tuesday, March 28th , 2023 - OOTP Baseball 23.10 Build 110